 Dungeon Crawl Stone Soup version 0.21.1-1-g345015fe64 (webtiles) character file.

63 Fascinator the Grave Robber (level 3, 0/24 HPs)
             Began as a Mummy Necromancer on July 23, 2018.
             Slain by a worm (10 damage)
             ... on level 2 of the Dungeon.
             The game lasted 00:05:15 (2174 turns).

Fascinator the Grave Robber (Mummy Necromancer)     Turns: 2174, Time: 00:05:15

Health: 0/24       AC:  2    Str: 11    XL:     3   Next: 87%
Magic:  1/8        EV: 11    Int: 15    God:
Gold:   111        SH:  3    Dex: 12    Spells: 8/9 levels left

rFire    x . .     SeeInvis .   d - +0 dagger
rCold    + . .     Gourm    .   h - +0 buckler
rNeg     + + +     Faith    .   a - +0 robe
rPois    ∞         Spirit   .   (no helmet)
rElec    .         Reflect  .   (no cloak)
rCorr    .         Harm     .   (no gloves)
MR       .....                  (no boots)
Stlth    ++........             (no amulet)
HPRegen  0.08/turn              (no ring)
MPRegen  0.11/turn              (no ring)

@: no status effects
A: no food or potions, fire vulnerability, cold resistance 1, negative energy
resistance 3, torment resistance, unbreathing
a: no special abilities


You were on level 2 of the Dungeon.
You were not hungry.

You visited 1 branch of the dungeon, and saw 2 of its levels.

You collected 111 gold pieces.

Inventory:

Hand Weapons
 d - a +0 dagger (weapon)
Armour
 a - a +0 robe (worn)
 h - a +0 buckler (worn)
Jewellery
 l - a cursed -3 ring of evasion {unknown}
Scrolls
 c - 6 scrolls of identify {unknown}
 e - 2 scrolls of magic mapping {unknown}
 f - a scroll of fear {unknown}
 g - a scroll of noise {unknown}
 i - a scroll of blinking {unknown}
 j - 4 scrolls of enchant weapon {unknown}
 k - a scroll of amnesia {unknown}
 m - a scroll of remove curse {unknown}
Books
 b - a book of Necromancy

   Spells                             Type                      Level
   a - Pain                           Necromancy                   1
   b - Animate Skeleton               Necromancy                   1
   c - Vampiric Draining              Necromancy                   3
   d - Regeneration                   Charms/Necromancy            3
   e - Animate Dead                   Necromancy                   4
   f - Borgnjor's Vile Clutch         Necromancy/Earth             5


   Skills:
 + Level 1.8 Dodging
 + Level 1.5 Stealth
 * Level 1.0 Shields
 + Level 3.8 Spellcasting
 + Level 4.6 Necromancy


You had 8 spell levels left.
You knew the following spells:

 Your Spells              Type           Power        Failure   Level  Hunger
a - Pain                  Necr           ###.         4%          1    N/A

Dungeon Overview and Level Annotations

Branches:
Dungeon (2/15)

Altars:
Fedhas
Kikubaaqudgha
Ru


Innate Abilities, Weirdness & Mutations

You do not eat or drink.
Your flesh is vulnerable to fire.
You are immune to poison.
Your flesh is cold resistant. (rC+)
You are immune to negative energy. (rN+++)
You are immune to unholy pain and torment.
You can survive without breathing.


Message History

Aim: a worm (heavily wounded, chance to defeat MR: 81%)
The worm writhes in agony!
The worm barely misses you.
Casting: Pain
Confirm with . or Enter, or press ? or * to list all spells.
Aiming: Pain
Press: ? - help, Shift-Dir - straight line, f/p - worm
Aim: a worm (heavily wounded, chance to defeat MR: 81%)
The worm writhes in agony!
You hit the worm.
The worm is severely wounded.
The worm bites you.
You hit the worm.
The worm is severely wounded.
The worm bites you!
You barely miss the worm.
The worm is severely wounded.
You hit the worm.
The worm is almost dead.
The worm bites you!
You die...

....# ########## ###.# #.†......#
###.# ##########.######.# .##.#
#......#.#.# #.# .##.#
#.####.....######.# .##.###
#####....%............. ......#
#..............######.# .#.##.#
#.###.##.###.#........# .#.##.#
#[# #.@..# #.########## ...##.#
#.###w#### #.# ##.##.# #.....#
##.## ##.##.# ###.#.#####...## #
...##.# ##..........>.########
......# ##.#.####.......##.....
##.########....###.........#.##..
.......w.........+.........+.....
##.########....###.........#>##..


You could see a worm.

Vanquished Creatures
  3 adders (D:2)
  An ooze (D:2)
  A worm (D:2)
  2 leopard geckos
  A ball python (D:1)
  A giant cockroach (D:1)
  A goblin (D:1)
  4 hobgoblins
  3 jackals (D:2)
  2 kobolds
  2 quokkas (D:2)
  4 bats
25 creatures vanquished.

Notes
Turn   | Place    | Note
-------+----------+-------------------------------------------
     0 | D:1      | Fascinator the Mummy Necromancer began the quest for the Orb.
     0 | D:1      | Reached XP level 1. HP: 13/13 MP: 4/4
   372 | D:1      | Reached XP level 2. HP: 19/19 MP: 2/5
  1070 | D:2      | Found an ancient bone altar of Kikubaaqudgha.
  1073 | D:2      | Found a sacrificial altar of Ru.
  1080 | D:2      | Found a blossoming altar of Fedhas.
  1157 | D:2      | Reached XP level 3. HP: 20/24 MP: 5/7
  1871 | D:2      | HP: 1/24 [worm (7)]
  1877 | D:2      | HP: 1/24 [bat (1)]
  1883 | D:2      | Reached skill level 1 in Shields
  2174 | D:2      | Slain by a worm

Skill      XL: |  1  2  3 |
---------------+----------+-----
Spellcasting   | 3 |  3.8
Shields        | 1 |  1.0
Dodging        | |  1.8
Stealth        | |  1.5
Necromancy     | |  4.6

Action                   || total
-------------------------++-------
Melee: Unarmed           ||     6
       Dagger            ||    27
 Cast: Pain              ||    76
Armor: Robe              ||    10
Dodge: Dodged            ||    16
Block: Buckler           ||     5
